 Dungeon Crawl Stone Soup version 0.27.1-2-g3b301248ec (webtiles) character file.

Game seed: 7772967796366895653

28 DoubleLucky the Caller (level 3, -10/19 HPs)
             Began as a Tengu Summoner on Oct 2, 2021.
             Killed by nerve-wracking pain
             ... invoked by a shadow imp
             ... summoned by Natasha
              (11 damage)
             ... on level 1 of the Dungeon.
             The game lasted 00:05:42 (1543 turns).

DoubleLucky the Caller (Tengu Summoner)             Turns: 1543, Time: 00:05:42

Health: -10/19     AC:  2    Str:  8    XL:     3   Next: 12%
Magic:  2/8        EV: 16    Int: 22    God:
Gold:   59         SH:  0    Dex: 14    Spells: 4/7 levels left

rFire    . . .     SeeInvis .   b - +0 dagger
rCold    . . .     Faith    .   (no shield)
rNeg     . . .     Spirit   .   a - +0 robe
rPois    .         Reflect  .   (helmet restricted)
rElec    .         Harm     .   (no cloak)
rCorr    .         Rampage  .   (no gloves)
Will     .....                  (boots unavailable)
Stlth    ++........             (no amulet)
HPRegen  0.06/turn              d - +6 ring of intelligence
MPRegen  0.11/turn              e - +4 ring of evasion

@: slowed, very slow
A: beak, talons 3
a: no special abilities


You were on level 1 of the Dungeon.
You visited 1 branch of the dungeon, and saw 2 of its levels.

You collected 59 gold pieces.

Inventory:

Hand Weapons
 b - a +0 dagger (weapon)
Armour
 a - a +0 robe (worn)
Jewellery
 d - a +6 ring of intelligence (left hand)
 e - a +4 ring of evasion (right hand)
Scrolls
 c - a scroll of vulnerability {unknown}
 f - a scroll of magic mapping {unknown}
 h - a scroll of noise {unknown}
 i - a scroll of immolation {unknown}
Potions
 g - a potion of flight {unknown}


   Skills:
 - Level 2.1 Dodging
 - Level 2.0 Stealth
 + Level 2.7 Spellcasting
 + Level 5.4 Summonings


You had 4 spell levels left.
You knew the following spells:

 Your Spells              Type           Power      Damage    Failure   Level
a - Summon Small Mammal   Summ           100%       N/A       1%          1
b - Call Imp              Summ           26%        N/A       1%          2

Your spell library contained the following spells:

 Spells                   Type           Power      Damage    Failure   Level
 Call Canine Familiar     Summ           26%        N/A       4%          3
 Summon Guardian Golem    Hex/Summ       14%        N/A       13%         3
 Summon Lightning Spire   Summ/Air       14%        N/A       38%         4


Dungeon Overview and Level Annotations

Branches:
Dungeon (2/15)

Altars:

Annotations:
D:1 Natasha


Innate Abilities, Weirdness & Mutations

You have a beak for a mouth.
You have claws for feet.


Message History

The jackal dies!
Natasha barely misses you. A mysterious force pulls you upwards.
The hatch slams shut behind you.
The crimson imp disappears in a puff of smoke!
The shadow imp disappears in a puff of smoke!
The white imp disappears in a puff of smoke!
Natasha casts a spell at you. The magic dart hits you!
Casting: Call Imp (safe; 1% risk of failure)
Confirm with . or Enter, or press ? or * to list all spells.
You swap places.
Your bat closely misses Natasha.
Your bat hits Natasha but does no damage.
Natasha closely misses your bat.
Your bat hits Natasha.
Your bat barely misses Natasha.
You hit Natasha.
Natasha is heavily wounded.
Your bat barely misses Natasha.
Natasha mumbles some strange words.
Your bat closely misses Natasha.
Your bat misses Natasha.
The shadow imp grinds its teeth.
Natasha casts a spell at you.
You feel yourself slow down.
Your bat hits Natasha but does no damage.
Your bat closely misses Natasha.
Your bat closely misses Natasha.
Natasha stares at you and mumbles some strange words.
The magic dart hits you!
* * * LOW HITPOINT WARNING * * *
Your bat hits Natasha but does no damage.
Your bat barely misses the shadow imp.
Natasha howls an incantation.
Natasha shimmers violently.
Natasha claws you.
* * * LOW HITPOINT WARNING * * *
Your bat closely misses Natasha.
The shadow imp gestures at you. Pain shoots through your body!
Ouch! That really hurt!
You die...

#........................# ##
#........................#######.
########...........#######.+.....
#...........'.......#####.
#...........######......##
#......b....'....#.####..#
#......5h...####.#.# ##.#
#...........# #.#.# #.#
#........@.>####.#.# #.#
#...........'....#.# #..
#...........######.# ###
########...........#
#############


You could see Natasha (ally target), a shadow imp (summoned) and a friendly bat
(summoned).

Vanquished Creatures
  A bat (D:1)
  2 endoplasms (D:1)
  A goblin (D:1)
  2 frilled lizards
  2 kobolds (D:1)
  A rat (D:1)
9 creatures vanquished.

Vanquished Creatures (collateral kills)
  2 dart slugs (D:1)
  4 endoplasms
  A giant cockroach (D:1)
  A goblin (D:1)
  2 hobgoblins (D:1)
  4 jackals (D:2)
  A quokka (D:1)
  A bat (D:1)
  7 frilled lizards (D:1)
  2 kobolds (D:1)
25 creatures vanquished.

Vanquished Creatures (others)
  8 plants (D:1)
8 creatures vanquished.

Grand Total: 42 creatures vanquished

Notes
Turn   | Place    | Note
-------+----------+-------------------------------------------
     0 | D:1      | DoubleLucky the Tengu Summoner began the quest for the Orb.
     0 | D:1      | Reached XP level 1. HP: 10/10 MP: 4/4
   234 | D:1      | Reached skill level 5 in Summonings
   300 | D:1      | Reached XP level 2. HP: 14/15 MP: 0/6
   310 | D:1      | Learned a level 2 spell: Call Imp
   803 | D:1      | You fall into a shaft and drop 1 floor!
   962 | D:2      | Noticed Natasha
  1513 | D:2      | Reached XP level 3. HP: 19/19 MP: 3/7
  1543 | D:1      | Killed from afar by a shadow imp

Illustrated notes

Levels and vault maps discovered:
D:1:      mrwooster_arrival_arrow, layout_basic, minmay_lizard_king
D:2:      cheibrodos_pilgrimage, layout_basic, uniq_natasha

Skill      XL: |  1 |
---------------+----+-----
Summonings     | 5 |  5.4
Dodging        | |  2.1
Stealth        | |  2.0
Spellcasting   | |  2.7

Action                   || total
-------------------------++-------
Melee: Dagger            ||    21
       Peck              ||     3
       Unarmed           ||     2
       Kick              ||     4
 Cast: Summon Small Mamm ||    28
       Call Imp          ||    12
 Stab: Sleeping          ||     1
Armor: Robe              ||     6
Dodge: Dodged            ||    17
